 Dungeon Crawl Stone Soup version 0.31.0-7-gf635a9b802 (webtiles) character file.

Game seed: 4466563485010742078

106 booth the Ducker (level 4, -4/41 HPs)
             Began as a Gnoll Monk on Jan 23, 2024.
             Was a Priest of the Shining One.
             Slain by a gnoll
             ... wielding a +0 halberd
              (12 damage)
             ... on level 2 of the Dungeon.
             The game lasted 00:07:18 (2036 turns).

booth the Ducker (Gnoll Monk)                       Turns: 2036, Time: 00:07:19

Health: -4/41      AC:  3    Str: 13    XL:     4   Next: 84%
Magic:  5/5        EV: 16    Int:  9    God:    the Shining One [***...]
Gold:   116        SH:  0    Dex: 20    Spells: 5/5 levels left

rFire   . . .        a - +0 hand axe
rCold   . . .        d - orb {light}
rNeg    + . .        g - +0 leather armour
rPois   .            (no helmet)
rElec   .            (no cloak)
rCorr   .            (no gloves)
SInv    .            (no boots)
Will    .....        (no amulet)
Stlth   +            i - +6 ring of dexterity
HPRegen 0.26/turn    j - +4 ring of slaying
MPRegen 0.09/turn

%: no passive effects
@: confused, ambrosia-drunk, glowing
A: fangs 1, strong nose, distributed training
a: Renounce Religion, Divine Shield, Cleansing Flame


You were on level 2 of the Dungeon.
You worshipped the Shining One.
The Shining One was most pleased with you.
You visited 1 branch of the dungeon, and saw 2 of its levels.

You collected 116 gold pieces.

Inventory:

Hand Weapons
 a - a +0 hand axe (weapon)
Armour
 d - an orb of light (worn)
 g - a +0 leather armour (worn)
Jewellery
 i - a +6 ring of dexterity (left hand)
 j - a +4 ring of slaying (right hand)
 k - a ring of ice
Scrolls
 b - a scroll of fear
 f - a scroll of noise
 h - a scroll of vulnerability {unknown}
 l - a scroll of revelation {unknown}
Potions
 e - a potion of mutation {unknown}


   Skills:
 + Level 6.6 Fighting
 + Level 1.3 Short Blades
 + Level 1.3 Long Blades
 + Level 6.6 Axes
 + Level 1.3 Maces & Flails
 + Level 1.3 Polearms
 + Level 1.3 Staves
 + Level 1.3 Ranged Weapons
 + Level 1.3 Throwing
 + Level 1.3 Armour
 + Level 6.6 Dodging
 + Level 1.3 Stealth
 + Level 1.3 Shields
 + Level 1.3 Unarmed Combat
 + Level 1.3 Spellcasting
 + Level 1.0 Conjurations
 + Level 1.0 Hexes
 + Level 1.0 Summonings
 + Level 1.0 Necromancy
 + Level 1.0 Translocations
 + Level 1.0 Fire Magic
 + Level 1.0 Ice Magic
 + Level 1.0 Air Magic
 + Level 1.0 Earth Magic
 + Level 1.0 Alchemy
 + Level 1.4 Invocations
 + Level 1.3 Evocations
 + Level 1.2 Shapeshifting


You had 5 spell levels left.
You didn't know any spells.
Your spell library was empty.

Dungeon Overview and Level Annotations

Branches:
Dungeon (2/15)

Altars:
Ashenzari
Kikubaaqudgha
The Shining One


Innate Abilities, Weirdness & Mutations

You have very sharp teeth.
Your uncanny sense of smell can sniff out nearby items.
Your experience applies equally to all skills.


Message History

You see here a bat corpse.
Found a dagger.
Found a stone staircase leading down.
You see here 3 stones.
You see here 3 stones. 2 gnolls come into view.
The gnoll shouts! x2; You hear a shout!
A gnoll comes into view. It is wielding a +0 halberd.
You hit the gnoll.
The gnoll is heavily wounded.
The gnoll hits you with a +0 club.
You hit the gnoll.
The gnoll is heavily wounded.
The gnoll hits you with a +0 club. The gnoll closely misses you.
You hit the gnoll.
The gnoll is severely wounded.
The gnoll misses you. The gnoll closely misses you.
The gnoll shouts!
You slash the gnoll!
You kill the gnoll!
The gnoll misses you. The gnoll hits you with a +0 halberd!
You hit the gnoll.
The gnoll is heavily wounded.
The gnoll hits you from afar with a +0 halberd.
The gnoll barely misses you.
You hit the gnoll.
The gnoll is almost dead.
A gnoll comes into view. It is wielding a +0 club.
The gnoll hits you from afar with a +0 halberd!
* * * LOW HITPOINT WARNING * * *
The gnoll closely misses you.
You slash the gnoll!
You kill the gnoll!
The gnoll hits you from afar with a +0 halberd!
* * * LOW HITPOINT WARNING * * *
You are confused.
You feel invigorated.
The gnoll hits you from afar with a +0 halberd!
You die...

# #.........##.#####.#
# #.####..#.##.## #.#
###.#..)..#.....# #.#
........#.####..# #.#
#####.#.#.####..####.#
....#.#.#............#
###.#.#.#######..#####
......#.#........#
####..#.#.######@#
...#.<#.# #)#
.#.#..#.# #g#
.#.#..#.#gg.g...g#
.#.#..#.##########
.#.####.# ........#
.#)###### .#.#


You could see 2 gnolls.

Vanquished Creatures
  2 gnolls (D:2)
  3 adders (D:2)
  2 dart slugs
  A ribbon worm (D:2)
  10 endoplasms
  A giant cockroach (D:1)
  6 goblins
  3 hobgoblins
  7 kobolds
  4 quokkas
  2 ball pythons (D:1)
  4 bats
  3 frilled lizards (D:1)
  4 rats
52 creatures vanquished.

Notes
Turn   | Place    | Note
-------+----------+-------------------------------------------
     0 | D:1      | booth the Gnoll Monk began the quest for the Orb.
     0 | D:1      | Reached XP level 1. HP: 23/23 MP: 1/1
    87 | D:1      | Reached XP level 2. HP: 21/29 MP: 2/2
   347 | D:1      | Found a faded altar of an unknown god.
   354 | D:1      | Prayed at the altar of an unknown god.
   354 | D:1      | Became a worshipper of the Shining One
   354 | D:1      | Reached * piety under the Shining One
   354 | D:1      | Reached ** piety under the Shining One
   477 | D:1      | Reached XP level 3. HP: 28/35 MP: 3/3
   799 | D:1      | Found an ancient bone altar of Kikubaaqudgha.
  1375 | D:2      | Reached skill level 1 in Invocations
  1486 | D:2      | Reached *** piety under the Shining One
  1533 | D:2      | Found a broken altar of Ashenzari.
  1563 | D:2      | Reached skill level 1 in Short Blades
  1563 | D:2      | Reached skill level 1 in Long Blades
  1563 | D:2      | Reached skill level 1 in Maces & Flails
  1563 | D:2      | Reached skill level 1 in Polearms
  1563 | D:2      | Reached skill level 1 in Staves
  1563 | D:2      | Reached skill level 1 in Ranged Weapons
  1563 | D:2      | Reached skill level 1 in Throwing
  1563 | D:2      | Reached skill level 1 in Armour
  1563 | D:2      | Reached skill level 1 in Stealth
  1563 | D:2      | Reached skill level 1 in Shields
  1563 | D:2      | Reached skill level 1 in Unarmed Combat
  1563 | D:2      | Reached skill level 1 in Spellcasting
  1563 | D:2      | Reached skill level 1 in Evocations
  1624 | D:2      | Reached skill level 1 in Shapeshifting
  1624 | D:2      | Reached XP level 4. HP: 41/41 MP: 5/5
  1745 | D:2      | Reached skill level 1 in Conjurations
  1745 | D:2      | Reached skill level 1 in Hexes
  1745 | D:2      | Reached skill level 1 in Summonings
  1745 | D:2      | Reached skill level 1 in Necromancy
  1745 | D:2      | Reached skill level 1 in Translocations
  1745 | D:2      | Reached skill level 1 in Fire Magic
  1745 | D:2      | Reached skill level 1 in Ice Magic
  1745 | D:2      | Reached skill level 1 in Air Magic
  1745 | D:2      | Reached skill level 1 in Earth Magic
  1745 | D:2      | Reached skill level 1 in Alchemy
  2036 | D:2      | Slain by a gnoll

Illustrated notes

Levels and vault maps discovered:
D:1:      dpeg_arrival_lava_altar, layout_loops_cross,
          chequers_ecumenical_altar_simple
D:2:      layout_basic, basic_altar

Skill      XL: |  1  2  3  4 |
---------------+-------------+-----
Invocations    | 1 |  1.4
Short Blades   | 1 |  1.3
Long Blades    | 1 |  1.3
Maces & Flails | 1 |  1.3
Polearms       | 1 |  1.3
Staves         | 1 |  1.3
Ranged Weapons | 1 |  1.3
Throwing       | 1 |  1.3
Armour         | 1 |  1.3
Stealth        | 1 |  1.3
Shields        | 1 |  1.3
Unarmed Combat | 1 |  1.3
Spellcasting   | 1 |  1.3
Evocations     | 1 |  1.3
Shapeshifting  | 1 |  1.2
Conjurations   | 1 |  1.0
Hexes          | 1 |  1.0
Summonings     | 1 |  1.0
Necromancy     | 1 |  1.0
Translocations | 1 |  1.0
Fire Magic     | 1 |  1.0
Ice Magic      | 1 |  1.0
Air Magic      | 1 |  1.0
Earth Magic    | 1 |  1.0
Alchemy        | 1 |  1.0
Fighting       | |  6.6
Axes           | |  6.6
Dodging        | |  6.6

Action                     |  1- 3 |  4- 6 || total
---------------------------+-------+-------++-------
  Melee: Hand axe          |    81 |    23 ||   104
         Bite              |     9 |     2 ||    11
    Use: Scroll            |     3 |       ||     3
         Potion            |       |     1 ||     1
 Armour: Robe              |     6 |       ||     6
         Leather armour    |    21 |    12 ||    33
  Dodge: Dodged            |    46 |    16 ||    62
